 Dungeon Crawl Stone Soup version 0.19.0-16-g73b5abf (webtiles) character file.

25 MovingMist the Shield-Bearer (level 3, 0/23 HPs)
             Began as a Gargoyle Fighter on Nov 10, 2016.
             Slain by a gnoll
             ... wielding a +0 flail
              (2 damage)
             ... on level 2 of the Dungeon.
             The game lasted 00:02:33 (1312 turns).

MovingMist the Shield-Bearer (Gargoyle Fighter)     Turns: 1312, Time: 00:02:34

Health: 0/23       AC: 11    Str: 18 (19) XL:     3   Next: 6%
Magic:  3/3        EV:  7    Int:  5 (8)  God:
Gold:   56         SH:  8    Dex:  7 (10) Spells: 0 memorised, 2 levels left

rFire  . . .     SeeInvis .     a - +0 flail
rCold  . . .     Gourm    .     b - +0 scale mail
rNeg   + . .     Faith    .     c - +0 shield
rPois  ∞         Spirit   .     (no helmet)
rElec  +         Reflect  .     (no cloak)
rCorr  .         Harm     .     j - +0 pair of gloves (curse)
MR     .....                    (no boots)
Stlth  ..........               (no amulet)
                                (no ring)
                                (no ring)

@: very slightly contaminated, invisible
A: negative energy resistance 1, electricity resistance, unbreathing,
petrification resistance, rot immunity, AC +3
a: no special abilities


You were on level 2 of the Dungeon.
You were not hungry.

You visited 1 branch of the dungeon, and saw 2 of its levels.

You collected 56 gold pieces.

Inventory:

Hand Weapons
 a - a +0 flail (weapon)
Armour
 b - a +0 scale mail (worn)
 c - a +0 shield (worn)
 j - a cursed +0 pair of gloves (worn)
Scrolls
 e - a scroll of random uselessness {unknown}
 h - 2 scrolls of identify {unknown}
 l - a scroll of remove curse {unknown}
 n - a scroll of fog {unknown}
Potions
 d - 2 potions of might
 m - 2 potions of invisibility
Comestibles
 f - a bread ration
 g - a meat ration


   Skills:
 + Level 3.4 Fighting
 + Level 2.3 Maces & Flails
 - Level 3.2 Armour
 * Level 1.2 Dodging
 + Level 3.5 Shields


You had 2 spell levels left.
You didn't know any spells.

Dungeon Overview and Level Annotations

Branches:
Dungeon (2/15)

Altars:


Innate Abilities, Weirdness & Mutations

You are resistant to torment.
Your stone body is resilient. (AC +3)
You are immune to poison.
You resist negative energy. (rN+)
You are resistant to electric shocks. (rElec)
You can survive without breathing.
You are immune to petrification.
You are immune to rotting.


Message History

The gnoll hits you with a club.
* * * LOW HITPOINT WARNING * * *
Unknown command.
It was a potion of degeneration.
There was something very wrong with that liquid.
You feel weakened.
You feel dopey.
You feel clumsy.
It was a potion of cure mutation.
It has a very clean taste.
It was a potion of invisibility.
You fade into invisibility!
You block the gnoll's attack.
You are very lightly contaminated with residual magic.
The gnoll barely misses you.
You hit the gnoll but do no damage.
The gnoll hits you from afar with a spear.
* * * LOW HITPOINT WARNING * * *
The gnoll barely misses you.
Your scale mail prevents you from hitting the gnoll.
The gnoll is severely wounded.
The gnoll hits you with a flail.
You die...

... #.# #.# # #.# ###########
# ####.######.........# #
#.........#.#######.# #
#.##.####.#.# #.# #
#########.##.####.#.##### #.#
# ........g.#..ggg@.......#
#.# #
...#..........g##.#.###.# #.#
# .....###..#...###.#.# #.#
#.# # .....# #..##.##
#.#.###.###.# #
....####...<... ..#.........#
#
.........###.##########.#####
..######## #+# #.### .##
#...# .# ####.#


You could see 4 gnolls.

Vanquished Creatures
  A worm (D:2)
  A dart slug (D:1)
  5 bats
  5 goblins (D:1)
  4 hobgoblins
  2 ball pythons (D:1)
18 creatures vanquished.

Notes
Turn   | Place    | Note
-------+----------+-------------------------------------------
     0 | D:1      | MovingMist the Gargoyle Fighter began the quest for the Orb.
     0 | D:1      | Reached XP level 1. HP: 14/14 MP: 1/1
   180 | D:1      | Reached XP level 2. HP: 19/19 MP: 2/2
   340 | D:1      | Reached skill level 1 in Dodging
   904 | D:2      | Reached XP level 3. HP: 13/23 MP: 3/3
  1312 | D:2      | Slain by a gnoll

Skill      XL: |  1  2 |
---------------+-------+-----
Dodging        | 1 |  1.2
Fighting       | |  3.4
Maces & Flails | |  2.3
Armour         | |  3.2
Shields        | |  3.5

Action                   || total
-------------------------++-------
Melee: Flail             ||    71
  Use: Potion            ||     3
  Eat: Chunk             ||     1
Armor: Scale mail        ||    48
Dodge: Dodged            ||    33
Block: Shield            ||    39
